 Dungeon Crawl Stone Soup version 0.21.1-1-g345015fe64 (webtiles) character file.

276 oldsheala the Chopper (level 6, -5/56 HPs)
             Began as a Hill Orc Abyssal Knight on July 10, 2018.
             Was a Believer of Lugonu.
             Slain by an orc warrior
             ... wielding a +0 halberd
              (8 damage)
             ... in the Ecumenical Temple.
             The game lasted 00:16:39 (4016 turns).

oldsheala the Chopper (Hill Orc Abyssal Knight)     Turns: 4016, Time: 00:16:39

Health: -5/56      AC:  5    Str: 12 (15) XL:     6   Next: 25%
Magic:  7/7        EV: 11    Int: 11 (14) God:    Lugonu [**....]
Gold:   209        SH:  0    Dex:  7 (10) Spells: 5/5 levels left

rFire    . . .     SeeInvis +   a - +1 hand axe
rCold    + . .     Gourm    .   (no shield)
rNeg     . . .     Faith    .   b - +1 leather armour
rPois    .         Spirit   .   g - +0 helmet
rElec    .         Reflect  .   (no cloak)
rCorr    .         Harm     .   (no gloves)
MR       .....                  (no boots)
Stlth    +.........             (no amulet)
HPRegen  0.18/turn              q - ring of protection from cold
MPRegen  0.10/turn              r - ring of see invisible

@: flying
A: no striking features
a: Depart the Abyss, Bend Space, Renounce Religion


You were in the Ecumenical Temple.
You worshipped Lugonu.
Lugonu was pleased with you.
You were not hungry.

You visited 2 branches of the dungeon, and saw 5 of its levels.
You visited the Abyss 1 time.

You collected 209 gold pieces.

Inventory:

Hand Weapons
 a - a +1 hand axe (weapon)
Missiles
 n - 2 tomahawks
 o - 5 tomahawks of returning (quivered)
Armour
 b - a +1 leather armour (worn)
 g - a +0 helmet (worn)
Jewellery
 c - an uncursed ring of wizardry
 q - a ring of protection from cold (left hand)
 r - a ring of see invisible (right hand)
Scrolls
 d - 5 scrolls of remove curse
 m - a scroll of random uselessness {unknown}
 p - 3 scrolls of teleportation {unknown}
Comestibles
 i - 3 rations


   Skills:
 + Level 5.3 Fighting
 + Level 5.4 Axes
 + Level 0.1 Throwing
 + Level 3.5 Armour
 + Level 1.9 Dodging
 + Level 0.4 Stealth
 + Level 2.4 Invocations


You had 5 spell levels left.
You didn't know any spells.

Dungeon Overview and Level Annotations

Branches:
Dungeon (4/15)             Temple (1/1) D:4

Altars:
Ashenzari
Lugonu

Portals:
Abyss: D:1


Message History

You slash the orc warrior!
The orc warrior is moderately wounded.
You hit the plant but do no damage. You hit the bush but do no damage. x2
The orc hits the bush but does no damage.
The orc warrior hits you with a halberd!
Unknown command.
Okay, then.
It was a potion of flight.
You feel very buoyant.
You fly up into the air.
The orc hits the bush but does no damage.
The orc warrior hits you from afar with a halberd.
* * * LOW HITPOINT WARNING * * *
The orc hits the bush but does no damage.
The orc hits the bush but does no damage.
The orc hits the bush.
The orc warrior hits you from afar with a halberd!
* * * LOW HITPOINT WARNING * * *
The orc warrior hits you from afar with a halberd!
You die...

..............♣♣♣
......♣....P...P♣♣♣♣♣♣♣
..P..................P♣♣
...P...................♣
....P....♣...P.....P..♣♣♣♣
...♣.....................♣♣♣
....................P.P....♣♣
.....P♣.......♣♣♣...........♣♣
..............@♣...PP..<...[.♣
..........♣.P...o..PP........♣
♣♣♣P..P..P......o....P.....♣♣♣
♣♣♣♣...PPPPP...o.....♣♣♣♣♣
♣♣♣♣♣♣PPPPP...♣♣♣♣♣ ♣♣♣♣♣♣♣♣♣♣


You could see an orc warrior and 2 orcs.

Vanquished Creatures
  An ogre (D:4)
  A scorpion (D:4)
  An orc wizard (D:3)
  5 adders
  3 dart slugs
  5 orcs
  2 giant cockroaches (D:1)
  7 goblins
  5 hobgoblins
  3 jackals (D:1)
  13 kobolds
  5 bats
  2 frilled lizards
  13 rats
66 creatures vanquished.

Notes
Turn   | Place    | Note
-------+----------+-------------------------------------------
     0 | Abyss:1  | oldsheala the Hill Orc Abyssal Knight began the quest for the Orb.
     0 | Abyss:1  | Reached XP level 1. HP: 19/19 MP: 2/2
    14 | D:1      | Escaped the Abyss
   259 | D:1      | Reached XP level 2. HP: 21/27 MP: 3/3
   373 | D:1      | Found a one-way gate to the infinite horrors of the Abyss.
   373 | D:1      | Found a corrupted altar of Lugonu.
   374 | D:1      | Noticed a demonic crawler
   861 | D:1      | Reached XP level 3. HP: 22/34 MP: 4/4
   865 | D:1      | Reached ** piety under Lugonu
  1154 | D:1      | Reached skill level 1 in Dodging
  1875 | D:2      | Found a shattered altar of Ashenzari.
  2525 | D:3      | Reached XP level 4. HP: 38/41 MP: 5/5
  2920 | D:3      | Reached XP level 5. HP: 30/47 MP: 6/6
  3018 | D:3      | Reached skill level 5 in Fighting
  3563 | D:4      | Noticed an ogre
  3582 | D:4      | Killed an ogre
  3582 | D:4      | Reached skill level 5 in Axes
  3582 | D:4      | Reached XP level 6. HP: 40/56 MP: 7/7
  3661 | D:4      | Found the +4 Vampire's Tooth {vamp}
  3704 | D:4      | Found a staircase to the Ecumenical Temple.
  3706 | D:4      | Noticed an orc warrior
  3761 | Temple   | Entered the Ecumenical Temple
  4016 | Temple   | Slain by an orc warrior

Skill      XL: |  1  2  3  4  5 |
---------------+----------------+-----
Fighting       | 4 5 |  5.3
Axes           | 3 4 5 |  5.4
Dodging        | 1 |  1.9
Armour         | 3 |  3.5
Throwing       | |  0.1
Stealth        | |  0.4
Invocations    | |  2.4

Action                   |  1- 3 |  4- 6 || total
-------------------------+-------+-------++-------
Melee: Hand axe          |   120 |   117 ||   237
Throw: Tomahawk          |       |     5 ||     5
  Use: Scroll            |     2 |     3 ||     5
       Potion            |       |     6 ||     6
  Eat: Chunk             |     2 |     2 ||     4
       Ration            |     1 |     1 ||     2
Armor: Leather armour    |    55 |    27 ||    82
Dodge: Dodged            |    88 |    89 ||   177
